[Event "Late-Titled-Tuesday-Blitz-January-16-2024"]
[Site "Chess.com"]
[Date "2024.01.16"]
[Round "4"]
[White "DonJuan_34"]
[Black "albi1999"]
[Result "1-0"]
[WhiteElo "2413"]
[BlackElo "2595"]
[TimeControl "180+1"]
[EndTime "14:38:07 PST"]
[Termination "DonJuan_34 won by resignation"]

1. d4 Nf6 2. c4 e6 3. Nc3 c5 4. d5 exd5 5. cxd5 d6 6. Nf3 g6 7. h3 Qe7 8. Bg5 h6 9. Bh4 a6 10. a4 Nbd7 11. e3 Bg7 12. Nd2 O-O 13. Be2 Ne5 14. O-O g5 15. Bg3 Ng6 16. Nc4 Ne8 17. e4 Bd7 18. a5 Rd8 19. Re1 Ne5 20. Nxe5 Bxe5 21. Bxe5 Qxe5 22. Bg4 Nf6 23. Bxd7 Rxd7 24. Re3 Re8 25. Qc2 h5 26. Rae1 Rde7 27. f3 h4 28. Qf2 Nh5 29. Ne2 f5 30. Nc1 Qd4 31. Ne2 Qb4 32. Nc3 f4 33. R3e2 Qxa5 34. e5 Rxe5 35. Rxe5 Rxe5 36. Rxe5 dxe5 37. Qc2 Qd8 38. Qf5 Qe7 39. Qd3 Nf6 40. d6 Qf7 41. Ne4 Nxe4 42. fxe4 Qd7 43. Qd5+ Kh7 44. Qxe5 Kg6 45. Qd5 b6 46. e5 Qa4 47. d7 Qa1+ 48. Kh2 Qe1 49. Qd3+ 1-0

[Event "Late-Titled-Tuesday-Blitz-January-16-2024"]
[Site "Chess.com"]
[Date "2024.01.16"]
[Round "4"]
[White "platy3"]
[Black "Bigfish1995"]
[Result "0-1"]
[WhiteElo "2891"]
[BlackElo "3077"]
[TimeControl "180+1"]
[EndTime "14:38:08 PST"]
[Termination "Bigfish1995 won on time"]

1. e4 c6 2. Nf3 d5 3. d3 Qc7 4.
exd5 cxd5 5. c4 Nf6 6. Nc3 e6 7. a3 a6 8. g3 dxc4 9. dxc4 Bd6 10.
Bg2 O-O 11. O-O Bd7 12. b4 Qxc4 13. Qxd6 Qxc3 14. Bf4 Ne4 15. Qe5 Bc6 16. Rfc1 Qxe5 17. Nxe5 Bd5 18. Rc7 Nf6 19. Rac1 Nc6 20. Bxd5 Nxd5 21.
Rxb7 Nd4 22. Rc4 Nb5 23. Nd7 Nxa3 24. Rc6 Rfc8 25. Rxc8+ Rxc8 26. Nc5 g5 27. Bxg5 a5 28. Ne4 axb4 29. Nd6 Rf8 30. Bh6 Ra8 31. Nxf7 Nc4 32. Ng5 Nd6 33. Rg7+ Kh8 34. Rd7 Nf5 35. Nxe6 Nf6 36.
Rf7 Nxh6 37. Rxf6 b3 38. Nc7 b2 0-1

[Event "Late-Titled-Tuesday-Blitz-January-16-2024"]
[Site "Chess.com"]
[Date "2024.01.16"]
[Round "4"]
[White "mbojan"]
[Black "iulik86"]
[Result "1-0"]
[WhiteElo "2857"]
[BlackElo "2596"]
[TimeControl "180+1"]
[EndTime "14:38:08 PST"]
[Termination "mbojan won by resignation"]

1. a3 d5 2. e3 Nf6 3. c4 c6 4. Nf3 Bg4 5. h3 Bh5 6. g4 Bg6 7. Ne5 Nfd7 8. Nxg6 hxg6 9. d4 e6 10. Nc3 dxc4 11. Bxc4 Nb6 12. Be2 N8d7 13. Kf1 Be7 14.
Kg2 Qc7 15. Bf3 Rd8 16. Qc2 e5 17. Bd2 exd4 18. exd4 Nf6 19. Rae1 O-O 20. Qd3 Nfd5 21. Re2 Bf6 22. Rhe1 Nf4+ 23. Bxf4 Qxf4 24. Re4 Qd6 25. Rd1 Rfe8 26. b4 a6 27. Rxe8+ Rxe8 28. Ne4 Qf4 29.
Nc5 Rd8 30. Qe3 Qxe3 31. fxe3 Nc4 32. Rd3 Re8 33. Kf2 Rxe3 34. Rxe3 Bxd4 35. Nxb7 Nxe3 36. Ke2 Bb6 37. Nc5 Nc2 38. Nxa6 Nxa3 39. Bxc6 Nc2 40. Be4 g5 41. Bxc2 g6 42. Nc5 Kg7 43. Be4 Kf6 44. Nd7+ 1-0

[Event "Late-Titled-Tuesday-Blitz-January-16-2024"]
[Site "Chess.com"]
[Date "2024.01.16"]
[Round "4"]
[White "TEREZANA"]
[Black "Incognito_Knight"]
[Result "0-1"]
[WhiteElo "2516"]
[BlackElo "2748"]
[TimeControl "180+1"]
[EndTime "14:38:08 PST"]
[Termination "Incognito_Knight won by resignation"]

1. d4 b6 2. Nf3 Bb7 3. Nbd2 Nf6 4. c3 g6 5. e3 Bg7 6. Bd3 O-O 7. e4 d5 8. e5 Ne4 9. O-O c5 10. Qe2 Nxd2 11.
Bxd2 a5 12. Rfe1 Ba6 13. h4 Bxd3 14. Qxd3 Nc6 15. h5 cxd4 16. cxd4 Qd7 17. e6 fxe6 18. hxg6 h6 19. Rac1 Qd6 20. a3 Rf5 21. Re2 Raf8 22. Rce1 Rxf3 23. gxf3 Nxd4 24. Re3 Qf4 25. Bc3 Nxf3+ 26.
Rxf3 Qxf3 27. Qxf3 Rxf3 28. Bxg7 Kxg7 29. Rxe6 Rb3 30.
Rxe7+ Kxg6 31. Rd7 Rxb2 32. Rxd5 b5 33. a4 bxa4 34. Rxa5 Ra2 35. Kg2 a3 36. Kg3 Ra1 37.
Kf4 a2 38. Ra6+ Kf7 39. Kf5 h5 40. Ra7+ Ke8 41. f4 h4 42. Kf6 h3 43. f5 h2 44.
Ra8+ Kd7 45. Rh8 h1=Q 0-1

[Event "Late-Titled-Tuesday-Blitz-January-16-2024"]
[Site "Chess.com"]
[Date "2024.01.16"]
[Round "4"]
[White "shirovin"]
[Black "EcosseKillie"]
[Result "0-1"]
[WhiteElo "2003"]
[BlackElo "2255"]
[TimeControl "180+1"]
[EndTime "14:38:08 PST"]
[Termination "EcosseKillie won by resignation"]

1. e4 Nf6 2. e5 Nd5 3. d4 d6 4. Nf3 dxe5 5. Nxe5 g6 6. Be2 Bg7 7. O-O O-O 8. Nf3 Bg4 9. c4 Nb6 10. h3 Bxf3 11. Bxf3 Nc6 12. d5 Ne5 13. Be2 Nexc4 14.
Nc3 Bxc3 15. bxc3 Ne5 16. Bh6 Qxd5 17. Bxf8 Rxf8 18. Qxd5 Nxd5 19. Rac1 Nf4 20. Rfe1 Nfd3 21. Bxd3 Nxd3 22. Rcd1 Nxe1 23. Rxe1 e6 24. Rd1 Rc8 25. Rd7 Kf8 26. f4 Ke8 27. Rd4 Rd8 28. Rc4 c6 29. Rb4 Rd7 30. a4 Kd8 31. a5 Kc7 32. g4 Rd5 33. a6 b6 34. Kf2 Rd3 35. g5 Rxh3 36. Rb3 Rd3 37. Ke2 Rd5 38. Rb1 Rf5 39.
Ke3 e5 40. fxe5 Rxe5+ 41. Kf4 Rf5+ 42. Kg4 b5 43. Rh1 Kb6 44. Rxh7 Kxa6 45. Rh8 Kb6 46. Rb8+ Kc7 47. Ra8 Kb7 48. Rd8 a5 49. Re8 a4 50. Re7+ Kb6 51. Re2 Kc5 52. Rd2 Kc4 53. Rd6 c5 54. Rb6 b4 55. cxb4 cxb4 56. Ra6 a3 57. Ra4 Kb3 58. Ra8 a2 0-1

[Event "Late-Titled-Tuesday-Blitz-January-16-2024"]
[Site "Chess.com"]
[Date "2024.01.16"]
[Round "4"]
[White "Iuckyducky"]
[Black "texie1"]
[Result "0-1"]
[WhiteElo "2314"]
[BlackElo "2512"]
[TimeControl "180+1"]
[EndTime "14:38:09 PST"]
[Termination "texie1 won by resignation"]

1. d4 d5 2. Nf3 e6 3. c4 Nf6 4. e3 Be7 5. Bd3 O-O 6. O-O b6 7. Ne5 Bb7 8. f4 Nbd7 9. Nd2 Ne4 10. Qf3 f5 11. Qh3 Ndf6 12. Nxe4 dxe4 13. Be2 c5 14. Rd1 Qc7 15. Bd2 Rad8 16. Be1 a6 17. Rac1 Bc8 18. b3 Bb7 19. Bh4 Rd6 20. Bf2 Rfd8 21. g4 fxg4 22. Nxg4 Bc8 23. Ne5 Qa7 24. Kh1 Qc7 25. Rg1 Ne8 26.
Qh5 Bf6 27. Ng4 Kh8 28. Ne5 cxd4 29. exd4 Bxe5 30. fxe5 R6d7 31. Bh4 Rxd4 32. Bxd8 Rxd8 33. Rcd1 Bb7 34. Rxd8 Qxd8 35. Rg2 e3 36. Bf3 e2 37.
Rxe2 Qd1+ 38. Kg2 Qxe2+ 39. Kg3 Qxf3+ 40. Qxf3 Bxf3 41. Kxf3 g6 42. Ke4 Kg7 43. Kd4 Nc7 44. c5 bxc5+ 45. Kxc5 g5 46. Kb6 Nd5+ 47. Kxa6 g4 48.
Kb5 h5 49. Kc4 h4 50. a4 g3 51. hxg3 h3 52. a5 h2 53. a6 h1=Q 54. a7 Nb6+ 55. Kb5 Na8 56. Ka6 Qc6+ 0-1

[Event "Late-Titled-Tuesday-Blitz-January-16-2024"]
[Site "Chess.com"]
[Date "2024.01.16"]
[Round "4"]
[White "Igor_Lysyj"]
[Black "sofaceindisguise"]
[Result "0-1"]
[WhiteElo "2857"]
[BlackElo "2671"]
[TimeControl "180+1"]
[EndTime "14:38:10 PST"]
[Termination "sofaceindisguise won by resignation"]

1. d4 Nf6 2. c4 g6 3. Nc3 Bg7 4. e4 d6 5. Nf3 O-O 6. Be2 e5 7. Be3 h6 8. d5 Ng4 9. Bd2 f5 10. exf5 Bxf5 11. h3 Nxf2 12. Kxf2 e4 13. Be3 exf3 14.
Bxf3 Nd7 15. Rf1 Qh4+ 16. Kg1 Qxc4 17. Rc1 Rae8 18. Bf2 Nc5 19. Ne4 Qb5 20. Nxc5 dxc5 21. Rxc5 Qxb2 22. Rxc7 Qxa2 23. d6 Be6 24. Bd4 Rf7 25.
Bxg7 Kxg7 26. Qd4+ Kh7 27. Ra1 Qb3 28. Rxa7 Rxc7 29.
dxc7 Bc8 30. Ra8 Qf7 31. Qd6 h5 32. Kh2 h4 33. Bd5 Qg7 34. Bxb7 Re6 35. Qf4 Bxb7 36. Rf8 g5 37. Qf5+ Qg6 38. Qxe6 Qxe6 39. Rb8 Qe5+ 0-1

[Event "Late-Titled-Tuesday-Blitz-January-16-2024"]
[Site "Chess.com"]
[Date "2024.01.16"]
[Round "4"]
[White "xakevicius91"]
[Black "C_K_G"]
[Result "1-0"]
[WhiteElo "2530"]
[BlackElo "2081"]
[TimeControl "180+1"]
[EndTime "14:38:10 PST"]
[Termination "xakevicius91 won by checkmate"]

1. e4 c5 2. Nf3 d6 3. Bb5+ Bd7 4. c4 Nc6 5. Nc3 e6 6. O-O Nf6 7. d4 cxd4 8. Nxd4 Be7 9. Be3 O-O 10. h3 Ne5 11. Qe2 Rc8 12. Rac1 a6 13. Bxd7 Qxd7 14. b3 Ng6 15. Rfd1 Qc7 16. f4 Rfe8 17. Nf3 Nh5 18. Qd2 Bf6 19. Ne2 Qc6 20. Qd3 Be7 21. g4 Nf6 22. Ng3 Nd7 23. Nd4 Qc7 24. Qe2 Nc5 25. Bd2 Bh4 26. Kg2 Bf6 27. Nf3 Nh4+ 28. Nxh4 Bxh4 29. Bc3 Qc6 30. Re1 h6 31. b4 Nd7 32.
Ba1 Qa4 33. g5 hxg5 34. fxg5 Ne5 35. c5 Ng6 36. Qg4 Bxg3 37. Qxg3 dxc5 38. bxc5 Qxa2+ 39. Kh1 Rc6 40. h4 Rec8 41. h5 Nf8 42. Qe5 f6 43. gxf6 Rxc5 44. Rxc5 Rxc5 45. Qxc5 Qd2 46. f7+ Kxf7 47.
Rf1+ Kg8 48. Qxf8+ Kh7 49. Qxg7# 1-0

[Event "Late-Titled-Tuesday-Blitz-January-16-2024"]
[Site "Chess.com"]
[Date "2024.01.16"]
[Round "4"]
[White "iwanyu"]
[Black "VerdeNotte"]
[Result "0-1"]
[WhiteElo "2668"]
[BlackElo "2879"]
[TimeControl "180+1"]
[EndTime "14:38:11 PST"]
[Termination "VerdeNotte won by checkmate"]

1. d4 d5 2. c4 e6 3. Nf3 a6 4. Bg5 Be7 5. Bxe7 Nxe7 6. Nbd2 b6 7. g3 Bb7 8. Bg2 Nd7 9. Rc1 c5 10. cxd5 Nxd5 11. Nc4 O-O 12. e4 N5f6 13. e5 Ne8 14.
O-O b5 15. Ne3 c4 16. b3 cxb3 17. d5 bxa2 18. Qb3 exd5 19. Qxa2 Nc7 20. Nf5 Nb6 21. Nd6 Rb8 22. Nd4 Nc4 23. N4f5 Nxe5 24. Qa1 f6 25. Rfd1 Kh8 26. Qa5 Ne6 27. Nxb7 Rxb7 28. Qxa6 Rb6 29. Qa7 Rf7 30. Qa2 g6 31. Rxd5 Rd7 32.
Nh6 Kg7 33. Rxd7+ Qxd7 34. Qe2 Rd6 35. Ng4 Nd4 36. Qe4 Qxg4 37. Rc7+ Kh6 38. Qe3+ g5 39. h4 Ndf3+ 40. Kf1 Rd1+ 41. Ke2 Nd4# 0-1

[Event "Late-Titled-Tuesday-Blitz-January-16-2024"]
[Site "Chess.com"]
[Date "2024.01.16"]
[Round "4"]
[White "Gryffindorac8"]
[Black "Bryanl106"]
[Result "0-1"]
[WhiteElo "2375"]
[BlackElo "2590"]
[TimeControl "180+1"]
[EndTime "14:38:11 PST"]
[Termination "Bryanl106 won by resignation"]

1. d4 Nf6 2. c4 g6 3. Nc3 c5 4. d5 Bg7 5. e4 d6 6. Nf3 O-O 7. h3 e6 8. Be3 Na6 9. Be2 Nc7 10. a4 Na6 11. O-O e5 12. Ne1 Nb4 13. Nd3 a5 14. f4 exf4 15. Bxf4 Re8 16. Bf3 b6 17. Qd2 Ba6 18. b3 Ra7 19. Rae1 Nxd3 20. Qxd3 Rae7 21. Bg5 h6 22. Bh4 Qc7 23. Bd1 Nd7 24. Bxe7 Rxe7 25. Ne2 Ne5 26. Qg3 Qd8 27. Bc2 Qe8 28. Kh1 Bc8 29. Ng1 Bd7 30. Nf3 Nxf3 31. gxf3 Qc8 32. Kg2 Qd8 33. f4 Qe8 34. e5 dxe5 35. f5 Bxf5 36. Bxf5 gxf5 37. Rxf5 e4 38. Rf4 Kh8 39.
Rg4 f5 40. Rg6 Kh7 41. Rxb6 Be5 42. Qf2 Rg7+ 43. Kh1 Qh5 44. Qe3 Bg3 45. Qxh6+ Qxh6 46. Rxh6+ Kxh6 47. Rf1 f4 48. Kg2 f3+ 49. Kh1 Bh4 50. Rd1 e3 0-1

[Event "Late-Titled-Tuesday-Blitz-January-16-2024"]
[Site "Chess.com"]
[Date "2024.01.16"]
[Round "4"]
[White "lrjchess"]
[Black "Mariia89"]
[Result "0-1"]
[WhiteElo "2451"]
[BlackElo "2219"]
[TimeControl "180+1"]
[EndTime "14:38:15 PST"]
[Termination "Mariia89 won by checkmate"]

1. e4 c6 2. d4 d5 3. exd5 cxd5 4. c4 Nf6 5. Nc3 e6 6. c5 b6 7. b4 a5 8. Na4 Nfd7 9. Bb5 Ba6 10. Bxa6 Rxa6 11.
b5 Ra8 12. c6 Nf6 13. Nf3 Bb4+ 14. Bd2 Bxd2+ 15. Nxd2 O-O 16. O-O Qc7 17. Re1 Ra7 18. Rc1 Qd6 19. Nxb6 Rc7 20. Na4 Qb4 21. Nc3 Qxd4 22.
Nb3 Qh4 23. Qf3 a4 24. Nc5 a3 25. Nd3 Nxc6 26. bxc6 Rxc6 27. Nxd5 Ng4 28. Qg3 Qxg3 29. Ne7+ Kh8 30. hxg3 Rb6 31. Re4 h5 32. Rb4 Rd6 33. Nf4 Rfd8 34. Rbb1 Rd2 35. Rc8 Rxc8 36. Nxc8 Rxa2 37.
Nd6 Rxf2 38. Nxf7+ Kh7 39. Nd6 a2 40. Ra1 Rb2 41.
Rxa2 Rb1# 0-1

[Event "Late-Titled-Tuesday-Blitz-January-16-2024"]
[Site "Chess.com"]
[Date "2024.01.16"]
[Round "4"]
[White "Statham_01"]
[Black "Sacbutt"]
[Result "1-0"]
[WhiteElo "2545"]
[BlackElo "2352"]
[TimeControl "180+1"]
[EndTime "14:38:16 PST"]
[Termination "Statham_01 won by checkmate"]

1. e4 c5 2. Nf3 d6 3. d4 cxd4 4. Nxd4 Nf6 5. Nc3 a6 6. a3 e5 7.
Nf5 Bxf5 8. exf5 d5 9. Bg5 d4 10. Bxf6 Qxf6 11. Nd5 Qd8 12. Bc4 Be7 13. O-O Nd7 14. Qh5 O-O 15. Rae1 Nf6 16. Nxf6+ Bxf6 17. f4 exf4 18. Bb3 Qd6 19. Rf3 h6 20. Re4 Be5 21. h4 Qf6 22. Qg6 Rae8 23. h5 Kh8 24. Qxf6 gxf6 25.
a4 a5 26. Kf1 b6 27. Ke2 Rc8 28. Kd3 Rg8 29. Re2 Rg5 30. Bxf7 Rf8 31. Bg6 Kg7 32. Ke4 Rc8 33. Kd5 Rc5+ 34. Ke6 Rc6+ 35. Kd7 Rc7+ 36. Kd8 Rc4 37. c3 dxc3 38. bxc3 Rxa4 39. Rd3 Rg3 40. Rd7+ Kg8 41. Rxe5 fxe5 42.
f6 Kf8 43. Rf7+ Kg8 44. Rg7+ Kf8 45. Rh7 Kg8 46. f7+ Kf8 47. Rh8+ Kg7 48. f8=Q# 1-0

[Event "Late-Titled-Tuesday-Blitz-January-16-2024"]
[Site "Chess.com"]
[Date "2024.01.16"]
[Round "4"]
[White "argentum049"]
[Black "Too_Stupid_To_Play"]
[Result "0-1"]
[WhiteElo "2488"]
[BlackElo "2317"]
[TimeControl "180+1"]
[EndTime "14:38:16 PST"]
[Termination "Too_Stupid_To_Play won on time"]

1. e4 c6 2. d4 d5 3. e5 Bf5 4. h4 h5 5. c4 e6 6. Nc3 Ne7 7.
Nge2 dxc4 8. Ng3 Bd3 9. Bxd3 cxd3 10. Qxd3 Nd5 11. Nge4 Nd7 12. a3 Nxc3 13. Qxc3 Rc8 14. Bg5 Qb6 15. O-O Qb5 16. Rac1 Nb6 17. Qd2 Nc4 18. Qd3 Nxa3 19. Qc3 Qd5 20. bxa3 Qxe4 21. Qa5 Qxd4 22. Rb1 Bc5 23. Rxb7 Bb6 24. Qa6 O-O 25. Be7 Rfe8 26. Bd6 Qxh4 27. a4 Qe4 28. a5 Bd4 29. Rc1 Bxe5 30. Bxe5 Qxe5 31. Qxa7 Rf8 32. a6 Ra8 33.
Qb6 Qf4 34. Ra1 h4 35. a7 h3 36. Rb8 hxg2 37. Rxa8 Rxa8 38. Qb7 Rf8 39. a8=Q Qh4 0-1

[Event "Late-Titled-Tuesday-Blitz-January-16-2024"]
[Site "Chess.com"]
[Date "2024.01.16"]
[Round "4"]
[White "The_Machine04"]
[Black "jcibarra"]
[Result "0-1"]
[WhiteElo "2704"]
[BlackElo "2890"]
[TimeControl "180+1"]
[EndTime "14:38:17 PST"]
[Termination "jcibarra won by checkmate"]

1. d4 Nf6 2. Nf3 d5 3. e3 c5 4. Nbd2 cxd4 5. exd4 Nc6 6. c3 Bf5 7. Bb5 e6 8. Qa4 Qb6 9. Ne5 Rc8 10. O-O Bd6 11.
Ndf3 O-O 12. Bg5 Bxe5 13. dxe5 Nd7 14. Rfe1 Nc5 15. Bxc6 Nxa4 16. Bxa4 Qxb2 17. Be7 Qxc3 18. h3 Be4 19. Ng5 Qxe5 20. Nxe4 dxe4 21. Rab1 Rc7 22.
Bxf8 Kxf8 23. Rbd1 g6 24. Rd8+ Kg7 25. g3 Qa5 26. Rxe4 Rc1+ 27. Rd1 Rxd1+ 28. Bxd1 Qxa2 29. Bf3 Qb1+ 30. Kg2 a5 31. Ra4 b6 32. h4 h5 33.
Rc4 b5 34. Rc7 a4 35. Bc6 Qc2 36. Rc8 a3 37. Bd7 Qxc8 38. Bxc8 a2 39. Bd7 b4 40.
Bb5 a1=Q 41. Bc4 Qc3 42. Be2 b3 43. Bf3 b2 44. g4 hxg4 45. Bxg4 b1=Q 46. Bf3 Qf5 47.
Kg3 Qfxf3+ 48. Kh2 Qh3+ 49. Kg1 Qcf3 50. h5 Kf6 51. h6 Qfg4# 0-1

[Event "Late-Titled-Tuesday-Blitz-January-16-2024"]
[Site "Chess.com"]
[Date "2024.01.16"]
[Round "4"]
[White "pr1105"]
[Black "djano"]
[Result "0-1"]
[WhiteElo "2276"]
[BlackElo "2643"]
[TimeControl "180+1"]
[EndTime "14:38:17 PST"]
[Termination "djano won by checkmate"]

1. e4 c5 2. Nf3 Nc6 3. Bb5 e5 4. O-O Nge7 5. Re1 g6 6. c3 Bg7 7. h3 O-O 8. a4 d6 9. d4 cxd4 10.
cxd4 Nxd4 11. Nxd4 exd4 12. Bg5 h6 13. Bh4 Be6 14. Nd2 a6 15. Bd3 Qd7 16. Bg3 Rac8 17. Nf3 Nc6 18. Qd2 d5 19. e5 Rfe8 20. Rad1 Qc7 21.
Bb1 Bf8 22. Qf4 Bg7 23. h4 Qe7 24. Nxd4 Nxd4 25. Qxd4 Rc4 26. Qd2 Rxa4 27. b3 Rg4 28. Bd3 Qb4 29. Qb2 Rc8 30. Be2 Rxg3 31. fxg3 Rc3 32.
Bf3 Rxb3 33. Qc2 Rc3 34. Qd2 d4 35. Qxd4 Rc4 36. Qd8+ Kh7 37. Rb1 Qc5+ 38. Kh2 b5 39.
Qd6 Qf2 40. Re2 Qa7 41. Ra2 Rd4 42. Qxa6 Qc7 43. Re2 Bxe5 44. Qxb5 Bxg3+ 45. Kh1 Qf4 46. Kg1 Qxh4 47. Re4 Rxe4 48. Bxe4 Qxe4 49. Qf1 Qd4+ 50.
Kh1 Qh4+ 51. Kg1 Qh2# 0-1

[Event "Late-Titled-Tuesday-Blitz-January-16-2024"]
[Site "Chess.com"]
[Date "2024.01.16"]
[Round "4"]
[White "Emp3rador"]
[Black "Grischuk"]
[Result "0-1"]
[WhiteElo "2623"]
[BlackElo "3074"]
[TimeControl "180+1"]
[EndTime "14:38:21 PST"]
[Termination "Grischuk won by resignation"]

1. e4 e5 2. Nf3 Nc6 3. d4 exd4 4. Nxd4 Qf6 5. Be3 Bc5 6. c3 Nge7 7. Bc4 b6 8. O-O Bb7 9. Qf3 Qxf3 10. gxf3 Bxd4 11. cxd4 d5 12. Bb5 O-O-O 13. e5 Nf5 14. Rd1 Nb4 15. Ba4 c5 16. Nc3 c4 17. a3 Nd3 18. Rab1 Kb8 19. Bc2 Nh4 20. f4 Bc8 21. Nb5 Bg4 22. Rxd3 cxd3 23. Bxd3 Bf5 24. Rd1 Bxd3 25. Rxd3 Nf5 26. Nc3 Rd7 27. Kg2 Kb7 28. Kf3 h5 29. Bd2 Rc8 30.
Be3 g6 31. h3 Rc4 32. Ke2 a6 33. Kd2 b5 34. Ke2 Kb6 35. Kd2 a5 36. b3 Rc8 37. a4 b4 38. Nb5 Rc6 39. Kd1 Rd8 40. Rd2 Rdc8 41. Ke2 Rc2 42. Kd3 Rxd2+ 43. Kxd2 Rb8 44.
Kd3 Rb7 45. Bd2 Kc6 46. Be1 Rxb5 47. axb5+ Kxb5 48. Bd2 a4 49. bxa4+ Kxa4 50. Bc1 Kb3 51. Bd2 Ka3 52. Bc1+ Ka2 53. Kc2 Nxd4+ 0-1

[Event "Late-Titled-Tuesday-Blitz-January-16-2024"]
[Site "Chess.com"]
[Date "2024.01.16"]
[Round "4"]
[White "Rdeux42"]
[Black "carloseduar100"]
[Result "0-1"]
[WhiteElo "2480"]
[BlackElo "2293"]
[TimeControl "180+1"]
[EndTime "14:38:21 PST"]
[Termination "carloseduar100 won on time"]

1. e4 e6 2. d4 d5 3. Nc3 Nf6 4.
e5 Nfd7 5. f4 c5 6. Nf3 Nc6 7.
Be3 Qb6 8. a3 cxd4 9. Nxd4 Nxd4 10. Bxd4 Bc5 11. Na4 Qa5+ 12. c3 Bxd4 13. Qxd4 b5 14. Nc5 Qb6 15. Nxd7 Qxd4 16. Nf6+ gxf6 17. Bxb5+ Bd7 18. Bxd7+ Kxd7 19. cxd4 fxe5 20. fxe5 Rhg8 21. O-O Ke7 22. Rac1 Rgc8 23. Kf2 Rab8 24. b4 a5 25. Rxc8 Rxc8 26. Rb1 axb4 27. axb4 Rc4 28. b5 Kd7 29. b6 Kc8 30. b7+ Kb8 31. Ke3 Rc2 32. g4 Rxh2 33.
Rb4 h5 34. Kf3 Rh3+ 35. Kf4 Rh4 36. Kg5 Rxg4+ 37. Kxh5 Rg1 38. Kh6 Rg6+ 39. Kh7 Rg4 40. Kh6 Rg6+ 41. Kh7 Rg1 42. Kh6 Rg2 43. Kh7 Rg6 44.
Kh8 f5 45. Kh7 Rg4 46. Rb6 Rxd4 47. Rxe6 Kxb7 48. Kg6 f4 49. Rf6 Re4 50. e6 d4 51.
Kf7 d3 52. e7 d2 53. Rd6 f3 54. Rxd2 Rf4+ 55. Kg6 Re4 56. Kf6 Kc7 0-1

[Event "Late-Titled-Tuesday-Blitz-January-16-2024"]
[Site "Chess.com"]
[Date "2024.01.16"]
[Round "4"]
[White "K_A_S_T_O_R"]
[Black "Jospem"]
[Result "0-1"]
[WhiteElo "2919"]
[BlackElo "3106"]
[TimeControl "180+1"]
[EndTime "14:38:23 PST"]
[Termination "Jospem won by resignation"]

1. e4 c5 2. Nf3 d6 3. d4 cxd4 4. Nxd4 a6 5. Bc4 e6 6. Nc3 Nf6 7. Bb3 b5 8. Bg5 Be7 9. Qf3 Qb6 10. O-O-O Nbd7 11. Rhe1 Bb7 12. Bxe6 Ne5 13. Qg3 fxe6 14. Nxe6 Kf7 15. Nxg7 b4 16. Be3 Qc7 17. Nf5 bxc3 18. Qg7+ Ke6 19. Nd4+ Kd7 20. Nf5 cxb2+ 21. Kb1 Rhe8 22.
Bg5 Nxe4 23. Bxe7 Nc3+ 24. Kxb2 Nxd1+ 25. Rxd1 Nc4+ 26. Ka1 Kc8 27. Qf7 Rxe7 28. Nxe7+ Kb8 29. Rd4 Nb6 30. Qf6 Ka7 31. Kb1 Re8 32. Nf5 Re1+ 33.
Kb2 Nc4+ 34. Kb3 Rb1+ 35. Kc3 Na3+ 36. Kd2 Qxc2+ 37. Ke3 Re1+ 38. Kf4 Qxf2+ 39. Kg5 Qxg2+ 40. Rg4 Qd2+ 41. Kh4 Qxh2+ 42. Kg5 Qd2+ 43. Kh4 Nb5 44. Ng3 Re5 45. Qf1 Qh2+ 46. Qh3 Qxh3+ 47. Kxh3 Bc8 48.
Kh4 Bxg4 49. Kxg4 Re3 0-1

[Event "Late-Titled-Tuesday-Blitz-January-16-2024"]
[Site "Chess.com"]
[Date "2024.01.16"]
[Round "4"]
[White "GianmarcoVaR"]
[Black "ahkashefi2800"]
[Result "1-0"]
[WhiteElo "2737"]
[BlackElo "2554"]
[TimeControl "180+1"]
[EndTime "14:38:24 PST"]
[Termination "GianmarcoVaR won on time"]

1. d4 d5 2. Nf3 Nf6 3. Bf4 c6 4. e3 Bg4 5. c4 e6 6. Qb3 Qb6 7.
Ne5 Bf5 8. c5 Qxb3 9. axb3 Nbd7 10. b4 a6 11. Nd2 Rc8 12. Nb3 Nh5 13. g4 Nxf4 14. gxf5 Nxe5 15. dxe5 Nh5 16. fxe6 fxe6 17. Bh3 Kd7 18. Bg4 g6 19. Bxh5 gxh5 20. Rg1 Be7 21.
Ke2 Rhg8 22. Rg3 h4 23. Rgg1 Rcf8 24. h3 Bd8 25. f4 h6 26. Nd4 h5 27. Nf3 Rg3 28.
Rxg3 hxg3 29. h4 Rg8 30. Ng5 Bxg5 31. fxg5 Rf8 32. Rf1 g2 33. Rg1 Rf5 34. Rxg2 Ke8 35. Rf2 Rxe5 36. Rf4 Re4 37. Kf3 Re5 38. g6 Rf5 39. Rxf5 exf5 40. Kf4 Kf8 41. Kxf5 Kg7 42. Kg5 a5 43. bxa5 d4 44. exd4 Kg8 45. Kf6 Kf8 46.
g7+ Kg8 47. b4 b5 48. cxb6 c5 49. b7 1-0

[Event "Late-Titled-Tuesday-Blitz-January-16-2024"]
[Site "Chess.com"]
[Date "2024.01.16"]
[Round "4"]
[White "username0932589"]
[Black "Jagerrmeisterr"]
[Result "0-1"]
[WhiteElo "2538"]
[BlackElo "2711"]
[TimeControl "180+1"]
[EndTime "14:38:24 PST"]
[Termination "Jagerrmeisterr won on time"]

1. e4 c6 2. Nf3 d5 3. Nc3 dxe4 4. Nxe4 Nf6 5. Qe2 Bg4 6. Nxf6+ gxf6 7. h3 Bh5 8. b3 Qd5 9. Bb2 Bxf3 10. gxf3 Nd7 11. O-O-O e6 12. h4 O-O-O 13. h5 Bh6 14. Kb1 Rhg8 15.
Qe4 f5 16. Qe2 Bg7 17. c4 Qa5 18. d4 Bf6 19. f4 Qc7 20. Qe3 Rg4 21. Bc1 c5 22. dxc5 Nxc5 23. Be2 Rgg8 24. Bf3 a5 25. Ba3 b6 26. h6 Rxd1+ 27. Rxd1 Rd8 28. Rxd8+ Kxd8 29.
Kc2 Ke8 30. Ba8 Be7 31. Qg3 Bf6 32. Qg8+ Ke7 33. Qg3 Qd6 34. Qe3 Bd4 35. Qg3 Bf6 36. Qe3 Ke8 37. Bf3 Be7 38. Bb2 Bf8 39. Be5 Qd7 40. Ba8 Bxh6 41. Qf3 Kf8 42. Bc6 Qe7 43. Qh3 Bg7 44. Qxh7 Bxe5 45. fxe5 Qg5 46. Qh8+ Ke7 47.
Qc8 Qf4 48. Qd7+ Nxd7 49. Bxd7 Kxd7 0-1

[Event "Late-Titled-Tuesday-Blitz-January-16-2024"]
[Site "Chess.com"]
[Date "2024.01.16"]
[Round "4"]
[White "DonJuanEGenaro"]
[Black "cristiano78"]
[Result "0-1"]
[WhiteElo "1908"]
[BlackElo "2222"]
[TimeControl "180+1"]
[EndTime "14:38:24 PST"]
[Termination "cristiano78 won by resignation"]

1. d4 Nf6 2. Nf3 g6 3. Bf4 Bg7 4. e3 d6 5. Bc4 O-O 6. h3 c6 7. O-O b5 8. Bb3 a5 9. a4 b4 10. c4 Nbd7 11. Qe2 Ba6 12. Nbd2 d5 13. Ne5 Nxe5 14.
Bxe5 Qd7 15. Qf3 Qe6 16. Bxf6 Qxf6 17. Qxf6 Bxf6 18. Rfc1 e6 19. cxd5 cxd5 20. Nf3 Rfc8 21. g4 Kf8 22. g5 Be7 23. h4 Bd6 24. Nd2 Ke7 25. e4 Bf4 26. Rxc8 Rxc8 27. Rd1 Bxd2 28. Rxd2 dxe4 29. Bc2 Bb7 30. Kf1 Kd6 31. Ke2 Bd5 32. Ke3 b3 33. Bxe4 Rc4 34. Bxd5 Kxd5 35. Rd3 Rxa4 36.
Rxb3 Rb4 37. Rxb4 axb4 38. b3 e5 39. dxe5 Kxe5 40. f4+ Kf5 41. Kf3 f6 42. gxf6 Kxf6 43. Ke4 Ke6 44. Ke3 h6 45. Kf3 Kf5 46. Kg3 Ke4 47. Kg4 Kd4 48. h5 gxh5+ 49. Kxh5 Ke4 50. Kg4 h5+ 51. Kxh5 Kxf4 52. Kh4 Ke3 53. Kg3 Kd3 54. Kf2 Kc3 55. Ke2 Kxb3 56. Kd2 Kb2 57. Kd1 b3 0-1

[Event "Late-Titled-Tuesday-Blitz-January-16-2024"]
[Site "Chess.com"]
[Date "2024.01.16"]
[Round "4"]
[White "AmanteDeMoi"]
[Black "Rodalquilar"]
[Result "1-0"]
[WhiteElo "2577"]
[BlackElo "2730"]
[TimeControl "180+1"]
[EndTime "14:38:25 PST"]
[Termination "AmanteDeMoi won by checkmate"]

1. Nf3 d5 2. e3 Nf6 3. c4 e6 4.
b3 c5 5. Bb2 Nc6 6. cxd5 exd5 7.
d4 cxd4 8. Nxd4 Bb4+ 9. Bc3 a5 10. Bb5 O-O 11. O-O Bg4 12. Qc2 Qb6 13. Bxc6 bxc6 14. Bxb4 axb4 15. Qxc6 Qxc6 16. Nxc6 Bd7 17. Nxb4 Rfb8 18.
Nc2 Ne4 19. Nd4 Rc8 20. a4 g5 21. Na3 Nd2 22. Rfc1 Rcb8 23. Rc3 Ne4 24. Rc7 Be8 25. Rd1 g4 26. Nab5 Rb6 27. Rdc1 Kg7 28. Rc8 Rxc8 29. Rxc8 Bd7 30. Rc7 Be8 31. f3 gxf3 32. gxf3 Nd2 33. Kf2 Bxb5 34. axb5 Nb1 35. Rc6 Rb8 36. Ke2 Na3 37. Rc5 Rb6 38. Kd2 Rh6 39. Kc3 Rxh2 40. Kb4 Nb1 41. b6 Rh6 42. b7 Rb6+ 43. Rb5 Ra6 44.
b8=Q Na3 45. Qg3+ Kf6 46. Qf4+ Kg7 47. Qg5+ Rg6 48. Nf5+ Kf8 49. Rb8# 1-0